 Dungeon Crawl Stone Soup version 0.31-a0-230-g09eb5fc4d3 (webtiles) character file.

Game seed: 10958631973255026385

172 qw the Shooter (level 5, 0/30 HPs)
             Began as a Gargoyle Hexslinger on July 6, 2023.
             Frozen to death by an endoplasm (2 damage)
             ... on level 4 of the Dungeon.
             The game lasted 00:00:46 (1293 turns).

qw the Shooter (Gargoyle Hexslinger)                Turns: 1293, Time: 00:00:47

Health: 0/30       AC: 11    Str: 11    XL:     5   Next: 52%
Magic:  6/6        EV: 15    Int: 14    God:
Gold:   68         SH:  0    Dex: 14    Spells: 5/6 levels left

rFire   . . .        Y - +1 sling
rCold   . . .        (no shield)
rNeg    + . .        o - +0 ring mail
rPois   inf          f - +0 helmet
rElec   +            (no cloak)
rCorr   .            (no gloves)
SInv    .            k - +0 pair of boots {rampage}
Will    .....        (no amulet)
Stlth   +            m - +5 ring of evasion
HPRegen 0.25/turn    (no ring)
MPRegen 0.10/turn

%: rampage
@: no status effects
A: sickness immunity, AC +4, negative energy resistance 1, electricity
resistance, torment resistance 1, petrification resistance
a: no special abilities


You were on level 4 of the Dungeon.
You visited 1 branch of the dungeon, and saw 3 of its levels.

You collected 68 gold pieces.


Innate Abilities, Weirdness & Mutations

You are immune to sickness and miasma.
Your stone body is resilient. (AC +4)
You are immune to poison.
You resist negative energy. (rN+)
You are resistant to electric shocks. (rElec)
You are resistant to unholy torment.
You are immune to petrification.


   Skills:
 - Level 2.0 Fighting
 + Level 5.1 Ranged Weapons
 - Level 1.1 Armour
 - Level 1.5 Dodging
 - Level 1.0 Spellcasting
 - Level 2.6 Hexes


You had 5 spell levels left.
You knew the following spells:

 Your Spells              Type           Power      Damage    Failure   Level
a - Slow                  Hex            32%        N/A       21%         1

Your spell library contained the following spells:

 Spells                   Type           Power      Damage    Failure   Level
 Inner Flame              Hex/Fire       4%         N/A       71%         3
 Portal Projectile        Hex/Tloc       8%         N/A       71%         3
 Cause Fear               Hex            4%         N/A       90%         4

Inventory:

Hand Weapons
 Y - a +1 sling (weapon)
Armour
 f - a +0 helmet (worn)
 k - a +0 pair of boots of rampaging (worn)
 o - a +0 ring mail (worn)
Jewellery
 m - a +5 ring of evasion (left hand)
Scrolls
 b - a scroll of identify {unknown}
Potions
 e - a potion of brilliance {unknown}
 n - a potion of cancellation {unknown}

Dungeon Overview and Level Annotations

Branches:
Dungeon (2/15)

Altars:


Message History

The sling bullet closely misses the phantom.
The sling bullet hits the hobgoblin.
The hobgoblin is moderately wounded.
The endoplasm freezes you.
You are frozen.
The phantom closely misses you.
You shoot a sling bullet. The sling bullet hits the phantom.
The phantom is heavily damaged.
The phantom misses you. The endoplasm freezes you.
You are frozen.
The hobgoblin closely misses you.
You shoot a sling bullet. The sling bullet hits the phantom.
The phantom is severely damaged.
The phantom closely misses you.
The endoplasm hits you but does no damage.
The hobgoblin hits you but does no damage.
The hobgoblin closely misses you.
The phantom hits you but does no damage.
The endoplasm freezes you.
You are frozen.
You shoot a sling bullet.
The sling bullet closely misses the phantom.
The sling bullet hits the orc wizard.
The orc wizard is almost dead.
The phantom barely misses you.
The endoplasm hits you but does no damage.
The hobgoblin hits you but does no damage.
You shoot a sling bullet.
The sling bullet barely misses the phantom.
The sling bullet hits the orc wizard.
You kill the orc wizard!
The endoplasm closely misses you. The hobgoblin misses you.
The phantom barely misses you.
Your Ranged Weapons skill increases to level 5!
You shoot a sling bullet.
The sling bullet closely misses the phantom.
The sling bullet hits the orc but does no damage.
The phantom closely misses you. The endoplasm freezes you.
You are frozen.
You die...

## #### ##. ##..## ###...
#....## #....#### ##..#..#
#.....#.#####...#..#
#.......##.......####
#####..@...........###.#
.##..###JWg...........#...
......#..o................
#......##.#.......%....
#...>.##..#............
###..####..#...........
##)## ##.###.........
#..ยค# #..#........#.
#..$o# ......#..##.


You could see a phantom, an orc, an endoplasm and a hobgoblin.

Vanquished Creatures
  A hound (D:4)
  An orc priest (D:4)
  A sleepcap (D:4)
  An orc wizard (D:4)
  An adder (D:2)
  2 worms
  A dart slug (D:4)
  3 orcs (D:4)
  5 bats (D:1)
  An endoplasm (D:1)
  2 giant cockroaches
  3 goblins (D:1)
  3 hobgoblins
  4 jackals (D:4)
  3 quokkas
  5 ball pythons
  5 kobolds
  A rat (D:1)
43 creatures vanquished.

Notes
Turn   | Place    | Note
-------+----------+-------------------------------------------
     0 | D:1      | qw the Gargoyle Hexslinger began the quest for the Orb.
     0 | D:1      | Reached XP level 1. HP: 12/12 MP: 2/2
     0 | D:1      | 0 ||| qw: Version: 0.3-a-46-gb1f654a
     0 | D:1      | 0 ||| qw: Game counter: 1776
     0 | D:1      | 0 ||| qw: Melee chars always use a shield: true
     0 | D:1      | 0 ||| qw: God list: Okawaru
     0 | D:1      | 0 ||| qw: Allow faded altars: false
     0 | D:1      | 0 ||| qw: Do Orc after clearing Dungeon:15 true
     0 | D:1      | 0 ||| qw: Do second Lair branch before Depths: true
     0 | D:1      | 0 ||| qw: Lair rune preference: random
     0 | D:1      | 0 ||| qw: Goals: Normal
     0 | D:1      | 0 ||| PLANNING D:1-11
   221 | D:1      | Reached XP level 2. HP: 16/16 MP: 3/3
   378 | D:1      | Reached skill level 3 in Ranged Weapons
   626 | D:1      | 626 ||| UPGRADING to +0 helmet.
   631 | D:1      | 631 ||| UPGRADING to +0 pair of boots of rampaging.
   636 | D:1      | 636 ||| UPGRADING to +0 ring mail.
   646 | D:1      | 646 ||| DROPPING +0 robe.
   647 | D:1      | 647 ||| UPGRADING to +5 ring of evasion.
   648 | D:1      | 648 ||| READING scroll labelled ONIANU TEGUG.
   649 | D:1      | 649 ||| READING 3 scrolls labelled YGYEW YP YCEUGG.
   750 | D:1      | 750 ||| READING scroll labelled WAAZXE VIPS.
   751 | D:1      | 751 ||| READING scroll labelled KUAFRA GUKAW.
   754 | D:1      | 754 ||| READING scroll labelled MIFAYR SIURUL.
   755 | D:1      | 755 ||| READING scroll labelled KAAS ESOLISM.
   756 | D:1      | 756 ||| DROPPING scroll of poison.
   757 | D:1      | 757 ||| DROPPING 2 scrolls of silence.
   888 | D:2      | HP: 4/16 [worm (2)]
   905 | D:2      | 905 ||| FLEEEEING.
   906 | D:2      | 906 ||| FLEEEEING.
   907 | D:2      | 907 ||| FLEEEEING.
   908 | D:2      | 908 ||| FLEEEEING.
   909 | D:2      | 909 ||| FLEEEEING.
   910 | D:2      | 910 ||| FLEEEEING.
   911 | D:2      | 911 ||| FLEEEEING.
   912 | D:2      | 912 ||| FLEEEEING.
   917 | D:2      | 917 ||| FLEEEEING.
   918 | D:2      | 918 ||| FLEEEEING.
   919 | D:2      | 919 ||| FLEEEEING.
   920 | D:2      | 920 ||| FLEEEEING.
   925 | D:2      | 925 ||| FLEEEEING.
   926 | D:2      | 926 ||| FLEEEEING.
   927 | D:2      | 927 ||| FLEEEEING.
   928 | D:2      | 928 ||| FLEEEEING.
   929 | D:2      | 929 ||| FLEEEEING.
   930 | D:2      | 930 ||| FLEEEEING.
   936 | D:2      | 936 ||| FLEEEEING.
   937 | D:2      | 937 ||| FLEEEEING.
   964 | D:2      | Reached XP level 3. HP: 18/21 MP: 4/4
  1029 | D:2      | Reached skill level 1 in Armour
  1053 | D:2      | You fall into a shaft and drop 2 floors!
  1072 | D:4      | Reached XP level 4. HP: 24/26 MP: 5/5
  1161 | D:4      | Reached skill level 4 in Ranged Weapons
  1265 | D:4      | Reached XP level 5. HP: 30/30 MP: 6/6
  1267 | D:4      | Noticed a phantom
  1276 | D:4      | HP: 6/30 [orc/+0 dagger (2)]
  1277 | D:4      | 1277 ||| READING scroll of teleportation.
  1277 | D:4      | HP: 1/30 [something (2)]
  1288 | D:4      | HP: 3/30 [frozen (1)]
  1289 | D:4      | HP: 1/30 [frozen (2)]
  1293 | D:4      | Reached skill level 5 in Ranged Weapons
  1293 | D:4      | Frozen to death by an endoplasm

Levels and vault maps discovered:
D:1:      dpeg_arrival_rooms_with_view, layout_loops_ring
D:2:      layout_basic
D:4:      layout_cave_pools, nicolae_overflow_hidden_temple, st_stairs_10,
          uniq_pikel, uniq_duvessa

Skill      XL: |  1  2  3  4  5 |
---------------+----------------+-----
Ranged Weapons | 3 4 5 |  5.1
Fighting       | 2 |  2.0
Armour         | 1 |  1.1
Dodging        | |  1.5
Spellcasting   | |  1.0
Hexes          | |  2.6

Action                     |  1- 3 |  4- 6 || total
---------------------------+-------+-------++-------
   Fire: Sling             |   102 |   101 ||   203
    Use: Scroll            |     6 |     1 ||     7
 Armour: Robe              |     5 |       ||     5
         Ring mail         |    17 |    47 ||    64
  Dodge: Dodged            |    54 |    99 ||   153

Table legend:
 A = Non-vault XP
 B = Vault XP
 C = Vault XP percentage of total XP
 D = Non-vault monster count
 E = Vault monster count
 F = Vault count percentage of total count
                 A         B        C        D         E       F
            +---------+---------+-------+---------+---------+-------
      Total |     244 |       2 |   0.8 |      41 |       2 |   4.7
            +---------+---------+-------+---------+---------+-------
        D:1 |      23 |       2 |   8.0 |      13 |       2 |  13.3
        D:2 |      25 |       0 |   0.0 |       8 |       0 |   0.0
        D:4 |     196 |       0 |   0.0 |      20 |       0 |   0.0
            +---------+---------+-------+---------+---------+-------
